[Event "4NCL 2019-20"]
[Site "Daventry"]
[Date "2020.01.12"]
[Round "4"]
[White "Lund, D Brett"]
[Black "Horton, Andrew P"]
[Result "0-1"]
[ECO "B26"]
[WhiteElo "2265"]
[BlackElo "2380"]
[Annotator "ChessBase"]
[PlyCount "95"]
[EventDate "2020.01.11"]
[EventCountry "ENG"]
[SourceTitle "playchess.com"]
[Source "ChessBase"]
[SourceQuality "1"]
[TimeControl "40/6000:3000+30"]

1. g3 c5 2. Bg2 Nc6 3. d3 g6 4. e4 Bg7 5. Nc3 e6 6. Be3 d6 7. Qd2 Rb8 8. f4 Nge7 9. h4 h5 10. Nf3 Nd4 11. Ng5 b5 12. Nd1 b4 13. c3 bxc3 14. bxc3 Ndc6 15. O-O Qa5 16. Rc1 Bd7 17. Nf3 O-O 18. Bh3 f5 19. Ng5 Nd8 20. Re1 Nf7 21. Nxf7 Rxf7 22. Nf2 d5 23. e5 Rff8 24. Rb1 Qc7 25. d4 c4 26. Qc2 Qa5 27. Bf1 Rb6 28. Rxb6 axb6 29. Rb1 Ra8 30. Rb2 Bf8 31. Bd2 Nc8 32. Be1 Ba3 33. Rb1 Be7 34. Rb2 Na7 35. Be2 Nb5 36. Qd2 Na7 37. Nd1 Ba3 38. Rb1 b5 39. Ne3 Bf8 40. Rb2 Nc6 41. Nc2 Qb6 42. Bd1 Ra5 43. Qf2 Qa7 44. Ne3 Ra3 45. Nf1 b4 46. Rc2 bxc3 47. Bxc3 Bb4 48. Ba1 0-1

[Event "4NCL 2019-20"]
[Site "Daventry"]
[Date "2020.01.12"]
[Round "4"]
[White "Townsend, M Paul"]
[Black "Taylor, Adam C"]
[Result "1-0"]
[ECO "A36"]
[WhiteElo "2217"]
[BlackElo "2361"]
[Annotator "ChessBase"]
[PlyCount "65"]
[EventDate "2020.01.11"]
[EventCountry "ENG"]
[SourceTitle "playchess.com"]
[Source "ChessBase"]
[SourceQuality "1"]
[TimeControl "40/6000:3000+30"]

1. c4 c5 2. g3 Nc6 3. Bg2 g6 4. Nc3 Bg7 5. e3 d6 6. Nge2 Qd7 7. d4 b6 8. O-O Bb7 9. d5 Na5 10. b3 a6 11. Bb2 b5 12. Na4 Bxb2 13. Nxb2 g5 14. e4 g4 15. Qc2 Nf6 16. Nd3 Qc7 17. Nef4 Rg8 18. Rfe1 Nd7 19. Re3 f6 20. h3 h5 21. Nxh5 gxh3 22. Bxh3 Rh8 23. Nhf4 Qb6 24. Bf5 Ne5 25. Nxe5 dxe5 26. Ng6 Rh6 27. cxb5 axb5 28. Rc1 e6 29. dxe6 c4 30. Qd2 Rd8 31. Rd3 Rxd3 32. Qxh6 Rxg3+ 33. Kf1 1-0

[Event "4NCL 2019-20"]
[Site "Daventry"]
[Date "2020.01.12"]
[Round "4"]
[White "McClement, Andrew"]
[Black "Skulte, Christopher"]
[Result "1/2-1/2"]
[ECO "C00"]
[WhiteElo "2215"]
[BlackElo "2033"]
[Annotator "ChessBase"]
[PlyCount "58"]
[EventDate "2020.01.11"]
[EventCountry "ENG"]
[SourceTitle "playchess.com"]
[Source "ChessBase"]
[SourceQuality "1"]
[TimeControl "40/6000:3000+30"]

1. e4 e6 2. d3 d5 3. Qe2 Be7 4. g3 c5 5. Bg2 Nc6 6. Nf3 Nf6 7. O-O O-O 8. e5 Nd7 9. h4 b5 10. Bf4 a5 11. Nbd2 b4 12. c4 bxc3 13. bxc3 Ba6 14. c4 Nb6 15. Rfc1 Rb8 16. Nb3 a4 17. cxd5 axb3 18. axb3 Nb4 19. d6 Bxd3 20. Qd2 N6d5 21. Rxc5 Nxf4 22. Qxf4 Bxd6 23. exd6 Rb6 24. d7 Qxd7 25. Rc7 Qd6 26. Qxd6 Rxd6 27. Ne5 Bg6 28. Bf3 Nd5 29. Rb7 Nf6 1/2-1/2

[Event "4NCL 2019-20"]
[Site "Daventry"]
[Date "2020.01.12"]
[Round "4"]
[White "Mitchell, Martin"]
[Black "Abbas, Daniel"]
[Result "0-1"]
[ECO "E46"]
[WhiteElo "2207"]
[BlackElo "2251"]
[Annotator "ChessBase"]
[PlyCount "40"]
[EventDate "2020.01.11"]
[EventCountry "ENG"]
[SourceTitle "playchess.com"]
[Source "ChessBase"]
[SourceQuality "1"]
[TimeControl "40/6000:3000+30"]

1. d4 Nf6 2. c4 e6 3. Nc3 Bb4 4. e3 O-O 5. Nge2 d5 6. Ng3 c5 7. dxc5 Nc6 8. cxd5 exd5 9. Bd3 Bg4 10. f3 d4 11. exd4 Qxd4 12. Qc2 Rfe8+ 13. Kf1 Qe5 14. Bd2 Nd4 15. Qc1 Nxf3 16. Bf4 Qd4 17. Be2 Bxc5 18. Nd1 Nxh2+ 19. Ke1 Bb4+ 20. Nc3 Nd5 0-1

[Event "4NCL 2019-20"]
[Site "Daventry"]
[Date "2020.01.12"]
[Round "4"]
[White "Horton, Jamie A"]
[Black "Carleton, John J"]
[Result "1-0"]
[ECO "D38"]
[WhiteElo "2202"]
[BlackElo "2238"]
[Annotator "ChessBase"]
[PlyCount "97"]
[EventDate "2020.01.11"]
[EventCountry "ENG"]
[SourceTitle "playchess.com"]
[Source "ChessBase"]
[SourceQuality "1"]
[TimeControl "40/6000:3000+30"]

1. d4 d5 2. c4 e6 3. Nc3 Bb4 4. Nf3 Nf6 5. Bg5 h6 6. Bxf6 Qxf6 7. e3 c5 8. cxd5 exd5 9. Be2 cxd4 10. Qxd4 Qxd4 11. Nxd4 Nc6 12. Ndb5 Ba5 13. O-O Be6 14. Rfd1 Rd8 15. Bf3 a6 16. Nd4 Bxc3 17. bxc3 O-O 18. Rab1 Nxd4 19. cxd4 b5 20. Rbc1 Rb8 21. Rc5 Rfd8 22. g4 Rd6 23. Rdc1 a5 24. Rb1 Bxg4 25. Bxg4 Rg6 26. h3 h5 27. Rbxb5 Rxb5 28. Rxb5 hxg4 29. hxg4 Rxg4+ 30. Kf1 Rg6 31. Rxd5 Ra6 32. a4 g6 33. Rd7 Kg7 34. Ke2 Kf6 35. Kd3 Ke6 36. Rb7 f5 37. f3 Rc6 38. Ra7 Rc1 39. Ra6+ Kf7 40. Ra7+ Ke6 41. Rxa5 Rd1+ 42. Kc4 Rc1+ 43. Kb4 Rb1+ 44. Kc3 Rc1+ 45. Kb2 Rg1 46. f4 g5 47. Re5+ Kf6 48. fxg5+ Rxg5 49. a5 1-0

[Event "4NCL 2019-20"]
[Site "Daventry"]
[Date "2020.01.12"]
[Round "4"]
[White "Moss, Guy"]
[Black "Parligras, Mircea-Emilian"]
[Result "0-1"]
[ECO "B80"]
[WhiteElo "2187"]
[BlackElo "2600"]
[Annotator "ChessBase"]
[PlyCount "92"]
[EventDate "2020.01.11"]
[EventCountry "ENG"]
[SourceTitle "playchess.com"]
[Source "ChessBase"]
[SourceQuality "1"]
[TimeControl "40/6000:3000+30"]

1. e4 c5 2. Nf3 d6 3. d4 cxd4 4. Nxd4 Nf6 5. Nc3 a6 6. Be3 e6 7. f3 b5 8. g4 Bb7 9. a3 Nfd7 10. f4 Be7 11. g5 Nc6 12. Nxc6 Bxc6 13. Qd2 Rb8 14. Bg2 O-O 15. O-O Nc5 16. f5 Re8 17. f6 Bf8 18. Qf2 Qc7 19. Qh4 b4 20. axb4 Rxb4 21. Rf3 g6 22. Rh3 h6 23. gxh6 Kh7 24. b3 d5 25. Qf2 Nxe4 26. Nxe4 dxe4 27. Rxa6 Rd8 28. Ra1 Rb5 29. Rh4 Rf5 30. Qe2 Qe5 31. Rf1 Qxf6 32. Rhf4 Bxh6 33. Rxf5 exf5 34. Bxh6 Kxh6 35. Qe3+ Qg5 36. Rf4 Rd1+ 37. Kf2 Kg7 38. h4 Qf6 39. Bf1 Qb2 40. Kg3 Qxc2 41. h5 Qd2 42. Qc5 Qd6 43. Qc3+ Qd4 44. Qxd4+ Rxd4 45. hxg6 fxg6 46. Rf2 Bd5 0-1

[Event "4NCL 2019-20"]
[Site "Daventry"]
[Date "2020.01.12"]
[Round "4"]
[White "Ivell, Nicholas W"]
[Black "Clarke, Stuart W"]
[Result "1/2-1/2"]
[ECO "C01"]
[WhiteElo "2177"]
[BlackElo "2195"]
[Annotator "ChessBase"]
[PlyCount "56"]
[EventDate "2020.01.11"]
[EventCountry "ENG"]
[SourceTitle "playchess.com"]
[Source "ChessBase"]
[SourceQuality "1"]
[TimeControl "40/6000:3000+30"]

1. e4 e6 2. d4 d5 3. exd5 exd5 4. Nf3 Bd6 5. c4 Nf6 6. Nc3 O-O 7. c5 Be7 8. b4 b6 9. a3 a5 10. Bb2 Bg4 11. Be2 axb4 12. axb4 Rxa1 13. Bxa1 Nc6 14. b5 Nb4 15. c6 Bf5 16. O-O Bd6 17. Ne5 Qe7 18. Bf3 Ra8 19. Bb2 Bxe5 20. dxe5 Qxe5 21. Nxd5 Qxb2 22. Ne7+ Kf8 23. Nxf5 g6 24. Ng3 Kg7 25. h3 Ra2 26. Ne4 Nbd5 27. Nxf6 Nxf6 28. Qd3 h5 1/2-1/2

[Event "4NCL 2019-20"]
[Site "Daventry"]
[Date "2020.01.12"]
[Round "4"]
[White "Sygnowski, Tomasz"]
[Black "Grieve, Harry"]
[Result "0-1"]
[ECO "B47"]
[WhiteElo "2173"]
[BlackElo "2299"]
[Annotator "ChessBase"]
[PlyCount "56"]
[EventDate "2020.01.11"]
[EventCountry "ENG"]
[SourceTitle "playchess.com"]
[Source "ChessBase"]
[SourceQuality "1"]
[TimeControl "40/6000:3000+30"]

1. e4 c5 2. Nf3 e6 3. d4 cxd4 4. Nxd4 Nc6 5. Nc3 Qc7 6. g3 a6 7. Bg2 Nf6 8. O-O Nxd4 9. Qxd4 Bc5 10. Qd3 Ng4 11. Qe2 h5 12. Kh1 b5 13. h3 Bb7 14. Bg5 Nxf2+ 15. Rxf2 Qxg3 16. Rf5 Bd6 17. Bf3 exf5 18. Qg2 Qxg2+ 19. Kxg2 b4 20. Nd5 Bxd5 21. exd5 f6 22. Bd2 g5 23. Be2 Kf7 24. Bd3 f4 25. Bf5 Rac8 26. Kf3 a5 27. c3 Rc5 28. Bc2 Be5 0-1

[Event "4NCL 2019-20"]
[Site "Daventry"]
[Date "2020.01.12"]
[Round "4"]
[White "French, Max"]
[Black "Lupulescu, Constantin"]
[Result "0-1"]
[ECO "E54"]
[WhiteElo "2168"]
[BlackElo "2649"]
[Annotator "ChessBase"]
[PlyCount "136"]
[EventDate "2020.01.11"]
[EventCountry "ENG"]
[SourceTitle "playchess.com"]
[Source "ChessBase"]
[SourceQuality "1"]
[TimeControl "40/6000:3000+30"]

1. d4 Nf6 2. c4 e6 3. Nc3 Bb4 4. e3 O-O 5. Bd3 d5 6. Nf3 c5 7. O-O cxd4 8. exd4 dxc4 9. Bxc4 b6 10. Bg5 Bb7 11. Qe2 Nbd7 12. Rac1 h6 13. Bh4 Rc8 14. Bd3 Be7 15. Rfd1 Nh5 16. Bxe7 Qxe7 17. Be4 Ndf6 18. Bxb7 Qxb7 19. Qe5 Rfd8 20. Ne1 g6 21. h3 Nd5 22. Nxd5 Rxd5 23. Qe3 Rxc1 24. Rxc1 Kg7 25. Nf3 Rf5 26. Nh4 Ra5 27. a3 Nf6 28. Nf3 Rf5 29. Nh4 Rh5 30. Nf3 Nd5 31. Qe4 Rf5 32. g3 Qa6 33. Ne5 h5 34. Nc4 Qc8 35. Rc2 Qd7 36. Ne5 Qa4 37. h4 Qb3 38. Qd3 Qxd3 39. Nxd3 g5 40. hxg5 Rxg5 41. Ne5 h4 42. Nf3 Rg4 43. Nxh4 Rxd4 44. Kf1 Rd1+ 45. Ke2 Rh1 46. Ng2 Kf6 47. Ne3 Nxe3 48. Kxe3 Re1+ 49. Kd2 Rb1 50. Ke3 Ke5 51. f3 f5 52. Rd2 a5 53. Rc2 Re1+ 54. Kf2 Rb1 55. Ke3 Kf6 56. f4 Rg1 57. Kf3 Rd1 58. Ke2 Rd5 59. b3 Rb5 60. Rc3 e5 61. fxe5+ Rxe5+ 62. Kf3 Kg5 63. Rd3 Rc5 64. Re3 b5 65. Re8 Rc3+ 66. Re3 b4 67. a4 Rxe3+ 68. Kxe3 Kg4 0-1

[Event "4NCL 2019-20"]
[Site "Daventry"]
[Date "2020.01.12"]
[Round "4"]
[White "Maciol, Ryszard"]
[Black "Lee, Richard W Y"]
[Result "1/2-1/2"]
[ECO "D53"]
[WhiteElo "2158"]
[BlackElo "2130"]
[Annotator "ChessBase"]
[PlyCount "90"]
[EventDate "2020.01.11"]
[EventCountry "ENG"]
[SourceTitle "playchess.com"]
[Source "ChessBase"]
[SourceQuality "1"]
[TimeControl "40/6000:3000+30"]

1. d4 d5 2. c4 e6 3. Nc3 Nf6 4. Bg5 Be7 5. cxd5 Nxd5 6. Bxe7 Qxe7 7. Rc1 O-O 8. Nf3 b6 9. e4 Nxc3 10. Rxc3 Bb7 11. Qc2 Rc8 12. Bd3 Na6 13. Qe2 Nb4 14. Bc4 b5 15. Bb3 c5 16. dxc5 Rxc5 17. O-O Rac8 18. Rfc1 a5 19. a3 Rxc3 20. bxc3 Nc6 21. Qxb5 Qxa3 22. Rd1 Qe7 23. h3 Qc7 24. Ba4 h6 25. Qb1 Ba6 26. Rd2 Rb8 27. Qd1 Ne5 28. Nxe5 Qxe5 29. Rd4 Rc8 30. Qf3 Qf6 31. Qe3 Qe5 32. Qf3 Qf6 33. Qg3 Rc4 34. Qb8+ Kh7 35. e5 Qg5 36. Bc2+ g6 37. f4 Qe7 38. Rd8 Qc5+ 39. Kh2 Bc8 40. Bd3 Rxc3 41. Ba6 Qf2 42. Rxc8 Qxf4+ 43. Kh1 Qc1+ 44. Kh2 Qf4+ 45. Kh1 Qc1+ 1/2-1/2

[Event "4NCL 2019-20"]
[Site "Daventry"]
[Date "2020.01.12"]
[Round "4"]
[White "Robertson, J Stuart"]
[Black "Zulfic, Fedja"]
[Result "1-0"]
[ECO "E60"]
[WhiteElo "2157"]
[BlackElo "2156"]
[Annotator "ChessBase"]
[PlyCount "63"]
[EventDate "2020.01.11"]
[EventCountry "ENG"]
[SourceTitle "playchess.com"]
[Source "ChessBase"]
[SourceQuality "1"]
[TimeControl "40/6000:3000+30"]

1. d4 Nf6 2. c4 g6 3. f3 c5 4. d5 d6 5. e4 Bg7 6. Ne2 Nbd7 7. Nec3 O-O 8. Be2 a6 9. a4 b6 10. Be3 Bb7 11. O-O Qc7 12. Qd2 e6 13. Na3 Rae8 14. Rad1 e5 15. g4 h5 16. h3 Bc8 17. Bd3 Kh7 18. Nc2 Rh8 19. Ne1 Kg8 20. Ng2 Nf8 21. Ne2 Bd7 22. b4 Bxa4 23. Ra1 b5 24. bxc5 dxc5 25. Nc3 Bb3 26. cxb5 c4 27. b6 Qb7 28. Bc2 Rb8 29. Rfb1 hxg4 30. hxg4 N8d7 31. Bxb3 cxb3 32. Rxb3 1-0

[Event "4NCL 2019-20"]
[Site "Daventry"]
[Date "2020.01.12"]
[Round "4"]
[White "Stewart, Ashley"]
[Black "Jarvinen, Rauno"]
[Result "0-1"]
[ECO "A36"]
[WhiteElo "2152"]
[BlackElo "2197"]
[Annotator "ChessBase"]
[PlyCount "104"]
[EventDate "2020.01.11"]
[EventCountry "ENG"]
[SourceTitle "playchess.com"]
[Source "ChessBase"]
[SourceQuality "1"]
[TimeControl "40/6000:3000+30"]

1. c4 c5 2. g3 g6 3. Bg2 Bg7 4. Nc3 Nc6 5. a3 b6 6. Rb1 Bb7 7. b4 cxb4 8. axb4 d6 9. Bb2 Qd7 10. Qa4 e6 11. Nf3 Nge7 12. O-O O-O 13. e3 Rfc8 14. d3 a5 15. bxa5 bxa5 16. Ne4 Qc7 17. Bxg7 Kxg7 18. Qa1+ e5 19. Rxb7 Qxb7 20. Nxd6 Qc7 21. Nxc8 Rxc8 22. Rb1 f6 23. Rb5 Nb4 24. Ne1 Nec6 25. Qa4 Qd6 26. Rb6 Qc5 27. Rb5 Qd6 28. Qa3 Rd8 29. Bxc6 Nxc6 30. Rb7+ Kg8 31. Qxd6 Rxd6 32. Rb6 Kf8 33. d4 exd4 34. exd4 Ke7 35. c5 Re6 36. Nf3 Nb4 37. Rb7+ Kd8 38. Rb5 Ra6 39. Nd2 Nd5 40. c6 Nc7 41. Rc5 a4 42. Rc2 a3 43. Ra2 Nb5 44. d5 Nc3 45. c7+ Kc8 46. Ra1 a2 47. Nc4 Kxc7 48. Kf1 Ra4 49. d6+ Kd8 50. Ne3 Rb4 51. Nc2 Rb2 52. Na3 Rb1+ 0-1

[Event "4NCL 2019-20"]
[Site "Daventry"]
[Date "2020.01.12"]
[Round "4"]
[White "Eames, Robert S"]
[Black "Dicu, Dan-Alexandru"]
[Result "1/2-1/2"]
[ECO "B38"]
[WhiteElo "2150"]
[BlackElo "2106"]
[Annotator "RC"]
[PlyCount "197"]
[EventDate "2020.01.11"]
[EventCountry "ENG"]
[SourceTitle "playchess.com"]
[Source "ChessBase"]
[SourceQuality "1"]
[TimeControl "40/6000:3000+30"]

1. e4 c5 2. Nf3 Nc6 3. d4 cxd4 4. Nxd4 g6 5. c4 Bg7 6. Be3 Nf6 7. Nc3 O-O 8. Be2 d6 9. O-O Bd7 10. Qd2 Nxd4 11. Bxd4 Bc6 12. f3 a5 13. b3 Nd7 14. Be3 Nc5 15. Rab1 e6 16. Rfc1 Be5 17. Bf1 f5 18. exf5 Rxf5 19. Ne2 Be4 20. Bxc5 Bxb1 21. Bd4 Bxa2 22. Qxa2 Bxd4+ 23. Nxd4 Re5 24. Rd1 Qb6 25. Qf2 a4 26. bxa4 Rxa4 27. Bd3 Ra3 28. Nb5 Qxf2+ 29. Kxf2 Ra2+ 30. Kf1 Rg5 31. Be2 Re5 32. Nc3 Rc2 33. Rd3 d5 34. cxd5 exd5 35. Bd1 Rb2 36. Nxd5 b5 37. f4 Re6 38. g4 Rxh2 39. g5 Kg7 40. Ne3 Re4 41. Ng2 Rh1+ 42. Kf2 Re7 43. Bf3 Rb1 44. Ne3 Rb2+ 45. Kg3 h6 46. gxh6+ Kxh6 47. Ng4+ Kg7 48. Rd6 Re1 49. Kh4 Rf1 50. Ne5 Rg1 51. Rd7+ Kf6 52. Rf7+ Ke6 53. Bg4+ Kd5 54. Nxg6 b4 55. Rd7+ Ke4 56. Re7+ Kd4 57. Ne5 Rh1+ 58. Kg5 b3 59. Rd7+ Kc3 60. Rc7+ Kd4 61. Nf3+ Kd5 62. Rd7+ Kc5 63. Nd2 Rh2 64. Ne4+ Kc6 65. Rd3 Rb1 66. Nd2 Rg1 67. Nf3 b2 68. Rb3 Rg3 69. Kf5 Kc7 70. Rb4 Rh8 71. Rxb2 Rf8+ 72. Ke6 Rxg4 73. Ne5 Rgxf4 74. Rc2+ Kb7 75. Rb2+ Ka6 76. Nd7 Re8+ 77. Kd5 Rd8 78. Ke5 Rc4 79. Nf6 Rc5+ 80. Ke6 Rb5 81. Ra2+ Kb7 82. Rh2 Kc6 83. Rc2+ Rc5 84. Rxc5+ Kxc5 85. Ke5 Rd1 86. Ne4+ Kc4 87. Nd6+ Kc5 88. Ne4+ Kc6 89. Nf6 Rd8 90. Ne4 Rd5+ 91. Ke6 Ra5 92. Nf6 Ra1 93. Ke5 Re1+ 94. Kd4 Kd6 95. Ne4+ Ke6 96. Nc5+ Kf5 97. Nd3 Rd1 98. Ke3 Rxd3+ 99. Kxd3 1/2-1/2

[Event "4NCL 2019-20"]
[Site "Daventry"]
[Date "2020.01.12"]
[Round "4"]
[White "Quinn, John M"]
[Black "Gallagher, Daniel GH"]
[Result "0-1"]
[ECO "E90"]
[WhiteElo "2139"]
[BlackElo "2171"]
[Annotator "ChessBase"]
[PlyCount "50"]
[EventDate "2020.01.11"]
[EventCountry "ENG"]
[SourceTitle "playchess.com"]
[Source "ChessBase"]
[SourceQuality "1"]
[TimeControl "40/6000:3000+30"]

1. d4 Nf6 2. c4 g6 3. Nc3 Bg7 4. e4 d6 5. Nf3 O-O 6. h3 Na6 7. Be3 e5 8. d5 Nh5 9. g3 f5 10. exf5 gxf5 11. Nh4 Nf6 12. Ng2 Nc5 13. Qc2 c6 14. O-O-O Nce4 15. Nxe4 Nxe4 16. dxc6 bxc6 17. Bd3 Be6 18. g4 d5 19. gxf5 Bxf5 20. Rhg1 Kh8 21. f3 Nd6 22. Bc5 Bxd3 23. Qxd3 Nxc4 24. Bxf8 Qxf8 25. b3 Qa3+ 0-1

[Event "4NCL 2019-20"]
[Site "Daventry"]
[Date "2020.01.12"]
[Round "4"]
[White "Walton, Alan J"]
[Black "Jackson, Sheila"]
[Result "0-1"]
[ECO "A43"]
[WhiteElo "2123"]
[BlackElo "2064"]
[Annotator "ChessBase"]
[PlyCount "100"]
[EventDate "2020.01.11"]
[EventCountry "ENG"]
[SourceTitle "playchess.com"]
[Source "ChessBase"]
[SourceQuality "1"]
[TimeControl "40/6000:3000+30"]

1. d4 c5 2. d5 g6 3. Nc3 d6 4. e4 Bg7 5. Nf3 a6 6. a4 Nd7 7. Bd2 Ngf6 8. h3 b6 9. Bc4 O-O 10. O-O Bb7 11. Qc1 Re8 12. Bh6 Bh8 13. Qd2 Qc7 14. Rae1 Rad8 15. Qe2 Qc8 16. Nd2 e6 17. dxe6 fxe6 18. Ba2 Ne5 19. f4 Nf7 20. Bg5 Nxg5 21. fxg5 Nh5 22. Qg4 Bd4+ 23. Kh1 Bxc3 24. bxc3 b5 25. axb5 axb5 26. Rb1 Bc6 27. Nf3 Bxe4 28. Rxb5 Bxc2 29. Re1 Ng7 30. Rb2 Bd3 31. Nd2 d5 32. c4 dxc4 33. Ne4 Nh5 34. Nf6+ Nxf6 35. gxf6 Rd4 36. Qf3 Kf7 37. Rb7+ Rd7 38. Rb6 Qa8 39. Qf2 Qd5 40. Rb5 Qd4 41. Qd2 Kxf6 42. Rb6 Kg7 43. Qc1 e5 44. Qg5 e4 45. Rc6 Qf2 46. Ra1 Qb2 47. Qc1 Qxc1+ 48. Rxc1 e3 49. Rxc5 e2 50. Re1 Rf7 0-1

[Event "4NCL 2019-20"]
[Site "Daventry"]
[Date "2020.01.12"]
[Round "4"]
[White "Head, Louise"]
[Black "Ledger, Dave J"]
[Result "0-1"]
[ECO "D47"]
[WhiteElo "2100"]
[BlackElo "2126"]
[Annotator "ChessBase"]
[PlyCount "76"]
[EventDate "2020.01.11"]
[EventCountry "ENG"]
[SourceTitle "playchess.com"]
[Source "ChessBase"]
[SourceQuality "1"]
[TimeControl "40/6000:3000+30"]

1. d4 Nf6 2. c4 e6 3. Nf3 d5 4. Nc3 dxc4 5. e3 a6 6. Bxc4 b5 7. Bb3 Bb7 8. a4 b4 9. Ne2 c5 10. O-O Nbd7 11. Nf4 Bd6 12. Nd3 O-O 13. dxc5 Nxc5 14. Nxc5 Bxc5 15. Qe2 Ne4 16. Ne1 Qh4 17. Bc2 Rfd8 18. f3 Nf6 19. g3 Qh5 20. Nd3 Bd6 21. g4 Qa5 22. e4 Rac8 23. Be3 Nd7 24. Rac1 Nc5 25. b3 Nxd3 26. Bxd3 Rc3 27. Rxc3 bxc3 28. Bc4 Bc5 29. Kg2 Bxe3 30. Qxe3 h5 31. Rf2 hxg4 32. fxg4 Qe5 33. Re2 Qxe4+ 34. Kf2 Qg2+ 35. Ke1 Qh1+ 36. Kf2 c2 37. Bd5 Qxd5 38. Qc1 Qg2+ 0-1

[Event "4NCL 2019-20"]
[Site "Daventry"]
[Date "2020.01.12"]
[Round "4"]
[White "Cumbers, Paul"]
[Black "Varney, Zoe"]
[Result "1-0"]
[ECO "C54"]
[WhiteElo "2087"]
[BlackElo "2004"]
[Annotator "NA"]
[PlyCount "107"]
[EventDate "2020.01.11"]
[EventCountry "ENG"]
[SourceTitle "playchess.com"]
[Source "ChessBase"]
[SourceQuality "1"]
[TimeControl "40/6000:3000+30"]

1. e4 e5 2. Bc4 Nc6 3. Nf3 Bc5 4. O-O Nf6 5. d3 d6 6. c3 Bg4 7. h3 Bh5 8. Re1 {[%emt 0:12:24] C54: Giuoco Piano: 4 c3 Nf6, main lines with 5 d4 and 5 d3} h6 9. g4 (9. b4 Bb6 10. a4 a5 11. b5 Ne7 12. g4 Bg6 13. Nbd2 Qd7 {0-1 (36) Sadzikowski,D (2584)-Valsecchi,A (2501) Katowice 2017}) 9... Bg6 10. Be3 $146 ({Predecessor:} 10. d4 Bb6 11. d5 Na5 12. Bd3 O-O 13. b4 Nc4 14. Bxc4 Bxe4 15. Nbd2 Bxd5 16. Bxd5 Nxd5 {½-½ (44) Nosal,M-Harass Tosunyan,A Waldshut Tiengen 2014}) 10... Bxe3 11. Rxe3 h5 12. g5 Nh7 13. h4 f6 14. gxf6 Qxf6 15. Qf1 O-O-O 16. Qh3+ Kb8 17. Nbd2 Be8 18. Qg3 Na5 19. Ng5 Nxg5 20. hxg5 Qg6 21. f4 h4 22. f5 hxg3 23. fxg6 Rh2 24. Rd1 Bxg6 25. Bd5 Rdh8 26. Nf1 Rxb2 27. Rxg3 c6 28. Be6 Re8 29. Bf5 Bf7 30. Rg2 Rxg2+ 31. Kxg2 Rh8 32. g6 Be8 33. Ne3 Kc7 34. d4 exd4 35. cxd4 Rh5 36. Kf3 Kd8 37. Kf4 Ke7 38. e5 Bd7 39. Bxd7 Kxd7 40. Nf5 Rh2 41. Nxg7 Rg2 42. Kf5 (42. e6+ $142 Ke7 43. Nf5+ Kxe6 44. Nh4 Rxg6 45. Nxg6) 42... Nc4 $18 43. Re1 dxe5 44. dxe5 Nb6 45. Nh5 Nd5 46. Nf6+ Ke7 47. a4 Rf2+ 48. Kg5 Rg2+ 49. Ng4 Kf8 50. e6 Ne7 51. Rf1+ Kg8 52. Rf4 b5 53. Kh6 Nd5 54. g7 1-0

[Event "4NCL 2019-20"]
[Site "Daventry"]
[Date "2020.01.12"]
[Round "4"]
[White "Makepeace, Philip J"]
[Black "Galyas, Miklos"]
[Result "0-1"]
[ECO "A21"]
[WhiteElo "2076"]
[BlackElo "2469"]
[Annotator "ChessBase"]
[PlyCount "52"]
[EventDate "2020.01.11"]
[EventCountry "ENG"]
[SourceTitle "playchess.com"]
[Source "ChessBase"]
[SourceQuality "1"]
[TimeControl "40/6000:3000+30"]

1. c4 f5 2. Nc3 Nf6 3. Nf3 g6 4. g3 Bg7 5. Bg2 O-O 6. O-O d6 7. d3 e5 8. Bg5 h6 9. Bxf6 Qxf6 10. Rc1 Na6 11. a3 c6 12. b4 Bd7 13. Nd2 Rab8 14. Nb3 Nc7 15. Na5 Qd8 16. Qd2 Ne6 17. Nb1 f4 18. Nc3 Nd4 19. e3 f3 20. exd4 fxg2 21. Kxg2 exd4 22. Ne4 b6 23. Nb3 d5 24. cxd5 cxd5 25. Qa2 dxe4 26. Nxd4+ Kh7 0-1

[Event "4NCL 2019-20"]
[Site "Daventry"]
[Date "2020.01.12"]
[Round "4"]
[White "Latham, David"]
[Black "Benhamida, Aisha"]
[Result "1-0"]
[ECO "E65"]
[WhiteElo "2064"]
[BlackElo "1577"]
[Annotator "NA"]
[PlyCount "93"]
[EventDate "2020.01.11"]
[EventCountry "ENG"]
[SourceTitle "playchess.com"]
[Source "ChessBase"]
[SourceQuality "1"]
[TimeControl "40/6000:3000+30"]

1. d4 Nf6 2. Nf3 g6 3. g3 Bg7 4. Bg2 O-O 5. c4 d6 6. Nc3 Nbd7 7. O-O c5 8. d5 Ng4 9. Qc2 Nge5 10. Nd2 Nb6 11. b3 a6 12. h3 Re8 13. a4 a5 14. Bb2 Ned7 15. Rad1 Nf6 16. e4 Bd7 17. Nf3 Qc8 18. Kh2 e6 19. dxe6 Rxe6 20. Ng5 Re5 21. f4 Rxg5 22. fxg5 Nh5 23. Ne2 Qc7 24. Bxg7 Nxg7 25. Qd3 Ne8 26. Rf2 Rd8 27. Nf4 Bc6 28. e5 Bxg2 29. Rxg2 Qe7 30. Nd5 Nxd5 31. Qxd5 Qxg5 32. exd6 Qxd5 33. Rxd5 Rxd6 34. Re2 Re6 35. Rxe6 fxe6 36. Rd8 Kf8 37. Rb8 h5 38. Rxb7 Nd6 39. Ra7 Ne4 40. Rxa5 Nd2 41. Rb5 e5 42. Kg2 e4 43. Kf2 Nf3 44. a5 Nd4 45. a6 Ne6 46. a7 Nc7 47. Rb7 1-0

[Event "4NCL 2019-20"]
[Site "Daventry"]
[Date "2020.01.12"]
[Round "4"]
[White "Bhatia, Kanwal K"]
[Black "Wu, Li"]
[Result "0-1"]
[ECO "B15"]
[WhiteElo "2037"]
[BlackElo "2291"]
[Annotator "ChessBase"]
[PlyCount "56"]
[EventDate "2020.01.11"]
[EventCountry "ENG"]
[SourceTitle "playchess.com"]
[Source "ChessBase"]
[SourceQuality "1"]
[TimeControl "40/6000:3000+30"]

1. e4 g6 2. d4 Bg7 3. Nc3 c6 4. f4 d5 5. e5 h5 6. Nf3 Nh6 7. Be3 Bg4 8. Be2 e6 9. Qd2 Nf5 10. Bf2 Bf8 11. Nd1 Qb6 12. a4 Bxf3 13. Bxf3 c5 14. a5 Qc7 15. dxc5 Bxc5 16. Bxc5 Qxc5 17. Qc3 Qxc3+ 18. Nxc3 Nc6 19. Kf2 Ke7 20. Rhc1 g5 21. g3 h4 22. Kg2 hxg3 23. hxg3 gxf4 24. Rh1 fxg3 25. Rae1 Rxh1 26. Rxh1 Nxe5 27. Rh5 Nxf3 28. Kxf3 Rg8 0-1

[Event "4NCL 2019-20"]
[Site "Daventry"]
[Date "2020.01.12"]
[Round "4"]
[White "Andrzejewska, Anna"]
[Black "York-Weaving, Anna"]
[Result "1/2-1/2"]
[ECO "B18"]
[WhiteElo "1974"]
[BlackElo "1739"]
[Annotator "NA"]
[PlyCount "43"]
[EventDate "2020.01.11"]
[EventCountry "ENG"]
[SourceTitle "playchess.com"]
[Source "ChessBase"]
[SourceQuality "1"]
[TimeControl "40/6000:3000+30"]

1. e4 c6 2. d4 d5 3. Nc3 dxe4 4. Nxe4 Bf5 5. Ng3 Bg6 6. h4 h6 7. f4 e6 8. Nf3 Nd7 9. h5 Bh7 10. Bd3 Bxd3 11. Qxd3 Ngf6 12. Bd2 Qc7 13. O-O-O O-O-O 14. Qe2 Bd6 15. Ne5 Nb6 16. Rhe1 c5 17. Be3 c4 18. c3 Rhe8 19. Qf3 Nbd5 20. Qe2 b5 21. Bd2 a5 22. Kb1 1/2-1/2

[Event "4NCL 2019-20"]
[Site "Daventry"]
[Date "2020.02.08"]
[Round "5"]
[White "Speelman, Jon S"]
[Black "Bisby, Daniel L"]
[Result "1/2-1/2"]
[ECO "E62"]
[WhiteElo "2509"]
[BlackElo "2314"]
[Annotator "ChessBase"]
[PlyCount "47"]
[EventDate "2020.01.11"]
[EventCountry "ENG"]
[SourceTitle "playchess.com"]
[Source "ChessBase"]
[SourceQuality "1"]
[TimeControl "40/6000:3000+30"]

1. d4 Nf6 2. Nf3 g6 3. g3 Bg7 4. Bg2 O-O 5. c4 d6 6. O-O Nc6 7. Nc3 e5 8. d5 Nb8 9. Ne1 a5 10. Nd3 Na6 11. a3 Nd7 12. Rb1 f5 13. Bd2 e4 14. Nf4 Ne5 15. b3 Qe8 16. Qc2 g5 17. Ne6 Bxe6 18. dxe6 Nc5 19. Bxg5 Nxe6 20. Bd2 Qh5 21. Rbe1 Rae8 22. Nd5 a4 23. Nf4 Qf7 24. Nxe6 1/2-1/2

[Event "4NCL 2019-20"]
[Site "Daventry"]
[Date "2020.02.08"]
[Round "5"]
[White "Cyborowski, Lukasz"]
[Black "Povah, Nigel E"]
[Result "1-0"]
[ECO "D32"]
[WhiteElo "2505"]
[BlackElo "2284"]
[Annotator "ChessBase"]
[PlyCount "25"]
[EventDate "2020.01.11"]
[EventCountry "ENG"]
[SourceTitle "playchess.com"]
[Source "ChessBase"]
[SourceQuality "1"]
[TimeControl "40/6000:3000+30"]

1. d4 d5 2. Nf3 Nf6 3. e3 c5 4. c4 e6 5. Nc3 Nc6 6. cxd5 exd5 7. Bb5 a6 8. Bxc6+ bxc6 9. O-O Qc7 10. h3 h6 11. dxc5 Bxc5 12. b3 O-O 13. Bb2 1-0